Map: Oceanborn LE

Players

LiquidMaNa (MaNa)

  • Race: Protoss Protoss
  • League: Grandmaster
  • Spawn Location: 5:00

VITRyung (Ryung) - Winner!

  • Race: Terran Terran
  • Spawn Location: 11:00

Event: HomeStory Cup XXV

VOD

Have the link to the VOD?

Description

Time

  • Played on: June 21, 2024, 9:06 a.m.
  • Length: 17:46

All games in this series

Show
View Real Time Build Order
Export as new Build Order

LiquidMaNa Protoss 

Build Orders: 1 Gate Expand, Oracle Opening, Phoenix Opening, Colossus Rush 

Get SALT Encoding   

  12  0:00  Probe  
  13  0:12  Probe  
  14  0:17  Pylon  
  14  0:24  Probe (Chrono Boost)  
  15  0:36  Gateway, Probe (Chrono Boost)  
  16  0:45  Assimilator, Probe (Chrono Boost)  
  17  0:50  Probe  
  18  1:03  Probe  
  19  1:15  Probe  
  20  1:22  Cybernetics Core  
  20  1:35  Nexus  
  20  1:43  Pylon  
  20  1:47  Probe  
  20  1:51  Assimilator  
  21  1:59  Probe  
  22  2:02  Adept (Chrono Boost)  
  24  2:11  Probe  
  25  2:16  Stargate  
  25  2:23  Probe  
  25  2:24  Adept (Chrono Boost)  
  28  2:35  Probe  
  29  2:39  Warp Gate  
  29  2:47  Probe x2  
  31  2:51  Adept (Chrono Boost)  
  33  2:59  Probe  
  33  3:00  Probe  
  35  3:11  Probe  
  35  3:12  Oracle (Chrono Boost), Probe  
  29  3:20  Adept  
  38  3:23  Probe  
  38  3:24  Probe  
  42  3:32  Gateway  
  42  3:36  Pylon, Probe  
  42  3:37  Probe  
  44  3:42  Shield Battery  
  44  3:47  Phoenix  
  46  3:55  Probe x2  
  48  3:57  Robotics Facility  
  48  4:02  Assimilator  
  48  4:04  Assimilator  
  48  4:07  Shield Battery  
  48  4:10  Probe  
  48  4:11  Probe  
  50  4:18  Phoenix  
  50  4:22  Probe  
  50  4:23  Probe  
  54  4:32  Pylon  
  54  4:33  Pylon  
  54  4:47  Immortal (Chrono Boost)  
  54  4:48  Robotics Bay  
  54  4:50  Sentry, Probe x2  
  62  4:57  Pylon  
  62  4:59  Phoenix  
  64  5:02  Probe x2  
  66  5:14  Probe x2  
  66  5:19  Immortal (Chrono Boost)  
  72  5:35  Pylon  
  72  5:37  Stalker x2  
  72  5:40  Probe  
  77  5:43  Pylon  
  77  5:44  Pylon  
  77  5:47  Probe  
  77  5:49  Pylon, Colossus (Chrono Boost)  
  78  5:53  Phoenix  
  86  6:04  Nexus  
  86  6:06  Extended Thermal Lance (Chrono Boost)  
  86  6:11  Sentry  
  88  6:13  Shield Battery  
  88  6:18  Phoenix  
  91  6:29  Gateway x2  
  90  6:33  Colossus (Chrono Boost)  
  96  6:47  Zealot x2  
  96  6:50  Probe x2  
  96  6:53  Twilight Council  
  102  6:59  Phoenix  
  104  7:06  Probe x2  
  106  7:12  Colossus (Chrono Boost)  
  106  7:18  Probe x2  
  106  7:23  Probe  
  107  7:30  Probe  
  107  7:34  Probe  
  107  7:35  Probe  
  102  7:37  Phoenix  
  102  7:42  Probe  
  105  7:46  Probe  
  105  7:47  Probe  
  105  7:48  Zealot x4  
  115  7:55  Probe  
  117  8:02  Warp Prism (Chrono Boost)  
  120  8:10  Stalker x3  
  124  8:13  Pylon  
  124  8:14  Pylon  
  124  8:23  Probe  
  124  8:27  Archon  
  125  8:31  Probe x2  
  127  8:38  Nexus  
  106  8:50  Probe  
  106  8:53  Probe x2  
  97  8:56  Stalker x4  
  97  8:59  Charge (Chrono Boost)  
  105  9:03  Probe  
  105  9:05  Pylon, Probe x2  
  105  9:07  Forge  
  105  9:09  Pylon  
  108  9:15  Probe  
  109  9:17  Probe x2  
  109  9:22  Zealot x4  
  119  9:25  Gateway  
  119  9:27  Gateway, Probe  
  119  9:29  Probe x2  
  119  9:30  Gateway, Protoss Ground Weapons Level 1 (Chrono Boost)  
  122  9:34  Gateway  
  122  9:39  Probe  
  123  9:45  Zealot x3  
  123  9:46  Zealot, Probe x2  
  123  9:49  Shield Battery  
  133  9:54  Gateway  
  133  9:58  Colossus (Chrono Boost)  
  139  10:02  Robotics Facility  
  139  10:10  Zealot x2, Sentry x2  
  139  10:13  Blink (Chrono Boost)  
  139  10:15  Assimilator  
  139  10:20  Forge  
  139  10:21  Pylon  
  139  10:22  Probe  
  139  10:24  Photon Cannon  
  140  10:29  Shield Battery  
  138  10:37  Stalker x3  
  138  10:38  Zealot x2  
  138  10:41  Probe  
  138  10:42  Probe  
  150  10:46  Photon Cannon  
  150  10:47  Probe x2  
  150  10:49  Disruptor (Chrono Boost)  
  156  10:51  Protoss Ground Armor Level 1 (Chrono Boost)  
  156  10:54  Disruptor (Chrono Boost), Probe x2  
  162  10:59  Nexus  
  160  11:06  Probe x4  
  160  11:08  Pylon  
  160  11:10  Pylon  
  164  11:12  Dark Shrine  
  164  11:14  Disruptor (Chrono Boost)  
  168  11:22  Disruptor (Chrono Boost)  
  168  11:24  Probe x2  
  168  11:25  Protoss Ground Weapons Level 2 (Chrono Boost)  
  174  11:28  Photon Cannon  
  174  11:30  Photon Cannon  
  174  11:32  Shield Battery  
  174  11:39  Pylon  
  174  11:40  Probe x3  
  174  11:42  Disruptor (Chrono Boost)  
  174  11:46  Pylon  
  181  11:49  Stalker x2  
  181  11:50  Zealot x4  
  193  11:58  Disruptor (Chrono Boost)  
  195  12:05  Gateway  
  195  12:07  Gateway, Robotics Facility  
  195  12:08  Gateway  
  195  12:10  Gateway  
  195  12:11  Observer  
  195  12:12  Photon Cannon  
  194  12:29  Warp Prism  
  196  12:31  Assimilator, Observer  
  196  12:32  Assimilator  
  193  12:40  Stalker x4  
  199  12:46  Protoss Air Weapons Level 1  
  199  12:49  Observer  
  200  12:55  Protoss Ground Armor Level 2 (Chrono Boost)  
  200  12:56  Gateway  
  200  12:57  Gateway  
  200  13:00  Gateway  
  200  13:02  Pylon  
  178  13:18  Zealot x9  
  186  13:26  Stalker x3  
  181  13:27  Dark Templar x3  
  159  13:43  Zealot x6  
  159  13:46  Colossus  
  166  13:49  Probe x2  
  166  13:54  Zealot x5  
  160  14:00  Zealot x4  
  160  14:04  Stalker  
  160  14:05  Stalker x3, Zealot x2  
  160  14:07  Probe x5  
  173  14:16  Disruptor  
  173  14:19  Probe x2  
  173  14:22  Zealot x7  
  175  14:37  Zealot x6  
  170  14:46  Observer  
  170  14:52  Stalker x4  
  170  14:53  Zealot x3  
  170  14:58  Pylon  
  184  15:00  Stalker x3, Zealot x2  
  184  15:01  Zealot  
  184  15:03  Pylon  
  181  15:19  Stalker x5  
  181  15:20  Zealot x2  
  175  15:26  Zealot x6  
  185  15:41  Zealot x2  
  177  15:43  Photon Cannon  
  177  15:47  Zealot x7  
  191  15:50  Stalker x2  
  191  15:53  Zealot x2  
  190  16:02  Stalker  
  190  16:03  Stalker  
  180  16:14  Observer  
  177  16:31  Nexus  
  177  16:45  Pylon x2  
  177  16:47  Pylon  
  169  17:02  Observer  
  104  17:21  Zealot x2  
  104  17:22  Zealot x11  
Show
View Real Time Build Order
Export as new Build Order

VITRyung Terran - Winner!

Build Orders: Cyclone Opening 

Get SALT Encoding   

  12  0:00  SCV  
  13  0:12  SCV  
  14  0:17  Supply Depot  
  14  0:24  SCV  
  15  0:38  SCV  
  15  0:40  Barracks  
  16  0:44  Refinery  
  16  0:50  SCV  
  16  0:52  Refinery  
  17  1:03  SCV  
  18  1:15  SCV  
  18  1:17  Supply Depot  
  19  1:27  Orbital Command, Reaper  
  20  1:40  Factory  
  20  1:53  SCV  
  21  2:04  Barracks Reactor  
  21  2:05  SCV  
  22  2:17  SCV  
  22  2:20  Command Center  
  23  2:27  Cyclone  
  23  2:29  SCV  
  26  2:41  SCV  
  26  2:42  Starport  
  27  2:48  Supply Depot  
  27  2:53  SCV  
  28  2:59  Widow Mine  
  28  3:03  Marine  
  28  3:04  Marine  
  31  3:09  SCV  
  31  3:21  Marine, Widow Mine  
  31  3:22  SCV, Marine  
  36  3:28  Medivac  
  36  3:32  Supply Depot  
  38  3:34  SCV  
  39  3:42  Factory Tech Lab  
  39  3:49  Barracks  
  39  3:53  SCV  
  39  3:55  Orbital Command  
  40  3:56  Marine x2  
  40  3:59  Starport Tech Lab  
  42  4:05  SCV  
  42  4:07  Siege Tank  
  46  4:18  Raven, SCV  
  46  4:21  SCV  
  50  4:28  Marine x2  
  50  4:29  Supply Depot  
  50  4:30  SCV  
  53  4:33  SCV  
  53  4:42  SCV  
  53  4:45  SCV  
  53  4:50  Barracks  
  53  4:54  SCV  
  53  4:57  SCV, Stimpack  
  55  5:01  Marine  
  55  5:02  Marine x2  
  55  5:06  SCV  
  59  5:08  Engineering Bay  
  59  5:09  SCV  
  60  5:18  SCV  
  60  5:19  Supply Depot, Starport Reactor  
  59  5:22  SCV, Marine x3  
  63  5:30  SCV  
  63  5:34  SCV  
  61  5:36  Terran Infantry Weapons Level 1  
  61  5:38  Command Center  
  61  5:42  SCV  
  62  5:45  Missile Turret x2  
  62  5:46  SCV  
  62  5:47  Refinery  
  62  5:48  Combat Shield  
  63  5:50  Factory Tech Lab  
  63  5:54  SCV  
  63  5:56  Refinery  
  64  5:58  SCV  
  64  5:59  Marine x3  
  64  6:02  Medivac  
  70  6:05  Medivac  
  70  6:10  SCV  
  73  6:12  Supply Depot  
  73  6:15  Siege Tank  
  73  6:16  Marine  
  73  6:17  Marine  
  78  6:23  Supply Depot  
  78  6:33  Marine x2  
  78  6:34  SCV x2  
  78  6:36  Barracks  
  82  6:40  Barracks  
  82  6:42  Medivac x2  
  82  6:46  SCV x2  
  88  6:49  Siege Tank  
  92  6:57  Marauder  
  92  6:58  SCV, Marauder  
  95  7:05  SCV  
  95  7:10  SCV, Marine x2  
  98  7:17  Supply Depot, SCV  
  98  7:19  Supply Depot  
  98  7:22  SCV  
  99  7:24  Marauder x2  
  99  7:26  Orbital Command  
  99  7:29  SCV  
  103  7:34  SCV  
  100  7:41  Siege Tank, SCV  
  100  7:42  Viking  
  106  7:44  Viking  
  106  7:46  SCV  
  106  7:50  Missile Turret  
  109  7:52  Terran Infantry Armor Level 1  
  109  7:53  SCV x2  
  109  7:57  Barracks Tech Lab, Barracks Reactor  
  111  7:58  SCV  
  111  8:04  Concussive Shells  
  112  8:05  SCV x2  
  112  8:09  Engineering Bay, Armory  
  112  8:10  SCV  
  115  8:14  Supply Depot  
  115  8:17  SCV x2  
  115  8:18  Siege Tank  
  120  8:20  Supply Depot  
  120  8:23  SCV  
  120  8:25  Viking x2  
  125  8:35  SCV, Marine x2, Marauder x2  
  125  8:37  Supply Depot  
  125  8:38  Supply Depot, Refinery  
  125  8:41  Marauder  
  109  8:48  Marine  
  109  8:49  Marine  
  105  8:55  SCV  
  105  8:56  SCV  
  105  8:57  Marauder x2  
  105  9:01  Terran Infantry Weapons Level 2  
  109  9:03  Marine x2  
  109  9:06  SCV  
  109  9:07  Command Center  
  109  9:08  SCV x2, Marine x2  
  116  9:14  Viking  
  117  9:19  SCV  
  117  9:20  SCV x2  
  117  9:24  Siege Tank  
  121  9:25  Marauder  
  121  9:31  SCV, Marine, Marauder  
  126  9:32  SCV  
  128  9:40  Viking  
  128  9:43  Viking  
  130  9:45  SCV x3  
  130  9:49  Terran Infantry Armor Level 2  
  130  9:50  Sensor Tower  
  131  9:55  Ghost Academy  
  131  10:02  Drilling Claws  
  131  10:03  Widow Mine  
  133  10:08  SCV x3  
  133  10:12  Marine x2, Marauder x3  
  133  10:13  Refinery  
  143  10:22  SCV x3  
  143  10:23  Marine x2  
  143  10:25  Widow Mine  
  150  10:32  Ghost x2  
  150  10:33  Ghost  
  150  10:34  Supply Depot  
  156  10:46  SCV  
  156  10:47  SCV  
  156  10:48  Supply Depot  
  156  10:49  Marine  
  158  10:50  Supply Depot, Marine  
  158  10:51  Widow Mine  
  158  10:52  Supply Depot  
  162  10:59  Planetary Fortress  
  162  11:01  Marine x2  
  162  11:02  Viking  
  162  11:03  Viking  
  168  11:05  SCV  
  168  11:06  SCV  
  168  11:07  SCV  
  171  11:12  Widow Mine  
  171  11:13  Ghost  
  171  11:17  SCV, Ghost  
  178  11:22  Terran Infantry Weapons Level 3  
  178  11:24  SCV x2  
  180  11:30  SCV  
  180  11:31  Missile Turret  
  181  11:33  Ghost  
  181  11:34  Medivac  
  181  11:36  SCV x2  
  186  11:45  Barracks  
  186  11:47  Barracks  
  186  11:48  Barracks  
  186  11:51  Marauder x2  
  186  11:52  Medivac  
  191  11:57  SCV, Starport  
  191  11:58  SCV x2, Factory Reactor  
  191  12:01  SCV  
  195  12:06  Missile Turret  
  195  12:09  Command Center  
  195  12:12  Missile Turret  
  195  12:18  Terran Infantry Armor Level 3  
  195  12:21  Marauder x2  
  199  12:23  Refinery  
  199  12:25  Refinery, Sensor Tower  
  199  12:26  Missile Turret  
  199  12:36  Barracks Tech Lab x2, Barracks Reactor  
  199  12:40  Terran Ship Weapons Level 1  
  199  12:43  Command Center  
  199  13:04  Medivac  
  200  13:12  Marauder  
  200  13:17  Marauder  
  200  13:18  Marauder  
  200  13:19  Marine x4  
  196  13:21  Marauder  
  196  13:22  Medivac  
  200  13:31  Marauder  
  200  13:32  Marine  
  200  13:40  Marine x3, Marauder x2  
  200  13:41  Marine x2  
  189  13:50  Marine, Marauder  
  189  13:51  Marauder  
  189  13:53  Marauder  
  182  13:56  Fusion Core, Command Center  
  182  13:58  Marine x5, Command Center, Medivac x2  
  182  13:59  Viking  
  182  14:00  Viking  
  195  14:03  Marauder  
  195  14:04  Marauder  
  195  14:09  Planetary Fortress  
  199  14:10  Orbital Command  
  182  14:24  Marauder x2  
  184  14:25  Marine x2  
  184  14:29  Marine  
  184  14:30  Marine x2  
  183  14:33  Marauder  
  183  14:37  Marine x3, Medivac x2  
  179  14:44  Ghost x2  
  179  14:45  Marine x2  
  179  14:47  Advanced Ballistics, Marine x2  
  179  14:52  Marine, Barracks  
  178  14:53  Ghost  
  178  14:54  Barracks x2  
  178  14:55  Marine x2, Ghost  
  184  15:02  Marine  
  184  15:03  Marine, Sensor Tower  
  184  15:05  Marine  
  185  15:13  Ghost x3  
  185  15:14  Marine x2  
  183  15:18  Marine  
  183  15:20  Marine x2  
  185  15:23  Marine, Marauder  
  185  15:24  Marauder  
  190  15:28  Medivac x2  
  190  15:31  Marine  
  191  15:39  Marine  
  191  15:41  Ghost  
  191  15:42  Marauder x2  
  188  15:43  Ghost  
  188  15:45  Ghost  
  188  15:49  Marine x3  
  194  15:50  Marine  
  194  15:51  Marine  
  195  15:59  Caduceus Reactor  
  195  16:03  Marauder x2  
  187  16:07  Orbital Command  
  187  16:09  Marine x2  
  187  16:10  Marine x2  
  187  16:11  Marauder  
  193  16:13  Marauder  
  193  16:14  Marauder  
  195  16:23  Marine  
  195  16:25  Barracks Tech Lab x2, Marauder x2  
  198  16:32  Marauder  
  200  16:37  Planetary Fortress  
  200  16:52  Command Center  
  196  16:55  Command Center  
  192  17:04  Marauder x2  
  192  17:06  Marauder x2  
  171  17:11  Marine x2, Marauder x2  
  169  17:16  Marine x3  
  169  17:17  Marauder  
  167  17:25  Marine  
  167  17:27  Marine  
  167  17:28  Barracks Tech Lab  
Tags
 
Add a new tag
Caveats
  • Supply blocks, unpowered buildings, or Contaminate may cause inaccurate times.
  • Supply counts are checked every 10 seconds.